 Dungeon Crawl Stone Soup version 0.31-a0-4-gefa6de2278 (webtiles) character file.

Game seed: 12750932314982353488

8256 retardedninja the Slicer (level 11, -1/82 HPs)
             Began as a Gnoll Fire Elementalist on May 4, 2023.
             Was an Elder of Cheibriados.
             Shot with an arrow by a centaur warrior (16 damage)
             ... on level 9 of the Dungeon.
             The game lasted 00:17:28 (12726 turns).

retardedninja the Slicer (Gnoll Fire Elementalist) Turns: 12726, Time: 00:17:28

Health: -1/82      AC:  7    Str: 16    XL:     11   Next: 28%
Magic:  28/32      EV: 23    Int: 29    God:    Cheibriados [****..]
Gold:   530        SH:  0    Dex: 21    Spells: 16/26 levels left

rFire   . . .        l - +1 mace
rCold   . . .        (no shield)
rNeg    . . .        a - +2 robe
rPois   .            r - +0 helmet
rElec   .            (no cloak)
rCorr   .            (no gloves)
SInv    .            B - +0 pair of boots
Will    .....        (no amulet)
Stlth   ++++         n - ring of magical power
HPRegen 0.33/turn    q - +5 ring of evasion
MPRegen 0.23/turn

%: no passive effects
@: studying Short Blades, very slow
A: fangs 1, strong nose, distributed training
a: Renounce Religion, Bend Time, Temporal Distortion, Slouch


You were on level 9 of the Dungeon.
You worshipped Cheibriados.
Cheibriados was greatly pleased with you.
You visited 2 branches of the dungeon, and saw 10 of its levels.

You collected 530 gold pieces.

Inventory:

Hand Weapons
 l - a +1 mace (weapon)
Missiles
 k - a throwing net
Armour
 a - a +2 robe (worn)
 r - a +0 helmet (worn)
 B - a +0 pair of boots (worn)
Jewellery
 n - a ring of magical power (left hand)
 q - a +5 ring of evasion (right hand)
 D - a ring of flight
Wands
 h - a wand of iceblast (2)
 i - a wand of polymorph (6)
 m - a wand of paralysis (11)
Scrolls
 c - 2 scrolls of amnesia {unknown}
 d - a scroll of fear
 f - 3 scrolls of blinking
 g - 4 scrolls of magic mapping
 o - a scroll of immolation {unknown}
 s - 2 scrolls of vulnerability
 t - a scroll of brand weapon {unknown}
 u - a scroll of torment
 w - 5 scrolls of teleportation {unknown}
 x - a scroll of silence {unknown}
 y - 2 scrolls of poison {unknown}
 A - 3 scrolls of identify
 E - a scroll of enchant weapon
Potions
 b - a potion of ambrosia {unknown}
 e - 2 potions of invisibility {unknown}
 j - 7 potions of curing
 p - a potion of cancellation
 v - 2 potions of attraction
 z - a potion of heal wounds {unknown}
 C - a potion of mutation {unknown}
 F - a potion of brilliance {unknown}


   Skills:
 + Level 6.3 Fighting
 + Level 8.9 Short Blades
 + Level 6.3 Long Blades
 + Level 6.3 Axes
 + Level 6.3 Maces & Flails
 + Level 6.3 Polearms
 + Level 6.3 Staves
 + Level 6.3 Ranged Weapons
 + Level 6.3 Throwing
 + Level 6.3 Armour
 + Level 7.9 Dodging
 + Level 7.7 Stealth
 + Level 6.3 Shields
 + Level 6.3 Unarmed Combat
 + Level 8.2 Spellcasting
 + Level 5.7 Conjurations
 + Level 5.2 Hexes
 + Level 5.2 Summonings
 + Level 5.2 Necromancy
 + Level 5.2 Translocations
 + Level 5.2 Transmutations
 + Level 7.7 Fire Magic
 + Level 5.2 Ice Magic
 + Level 5.2 Air Magic
 + Level 5.2 Earth Magic
 + Level 5.2 Poison Magic
 + Level 7.0 Invocations
 + Level 6.3 Evocations


You had 16 spell levels left.
You knew the following spells:

 Your Spells              Type           Power      Damage    Failure   Level
a - Foxfire               Conj/Fire      100%       2x1d9     1%          1
b - Scorch                Fire           100%       2d9       1%          2
c - Flame Wave            Conj/Fire      50%        2d12      2%          4
d - Inner Flame           Hex/Fire       49%        N/A       1%          3

Your spell library contained the following spells:

 Spells                   Type           Power      Damage    Failure   Level
 Beastly Appendage        Tmut           84%        N/A       1%          1
 Kiss of Death            Conj/Necr      100%       2d13      1%          1
 Blink                    Tloc           84%        N/A       1%          2
 Sublimation of Blood     Necr           42%        N/A       1%          2
 Wereblood                Tmut           42%        N/A       1%          2
 Confusing Touch          Hex            42%        N/A       1%          3
 Ozocubu's Armour         Ice            42%        N/A       1%          3
 Spider Form              Tmut/Pois      42%        N/A       1%          3
 Summon Guardian Golem    Hex/Summ       42%        N/A       1%          3
 Volatile Blastmotes      Fire/Tloc      98%        2d18      1%          3
 Dispel Undead            Necr           42%        3d17      4%          4
 Manifold Assault         Tloc           42%        N/A       4%          4
 Metabolic Englaciation   Hex/Ice        21%        N/A       14%         5
 Simulacrum               Ice/Necr       21%        N/A       61%         6
 Orb of Destruction       Conj           22%        9d8       98%         7
 Spellforged Servitor     Conj/Summ      21%        N/A       98%         7
 Storm Form               Tmut/Air       21%        N/A       99%         7
 Summon Hydra             Summ           21%        N/A       99%         7


Dungeon Overview and Level Annotations

Branches:
Dungeon (9/15)             Temple (1/1) D:6
   Lair: D:8-11         Orc: D:9-12

Altars:
Ashenzari
Cheibriados
Elyvilon
Gozag
Hepliaklqana
Kikubaaqudgha
Makhleb
Nemelex Xobeh
Ru
Sif Muna
Wu Jian
Xom
Zin
The Shining One

Shops:
D:8 *

Annotations:
D:6 1 runed translucent door, Crazy Yiuf


Innate Abilities, Weirdness & Mutations

You have very sharp teeth.
Your uncanny sense of smell can sniff out nearby items.
Your experience applies equally to all skills.


Message History

The efreet is frozen!
The efreet is heavily wounded.
Unknown command.
Unknown command.
Aiming: Iceblast
Press: ? - help, Q - select action, (/) - cycle Shift-Dir - straight line The mass of ice explodes!
The iceblast engulfs the efreet!
The efreet is frozen!
The efreet is severely wounded.
You hear a shout!
The efreet gestures at you. The bolt of fire hits you!
Unknown command.
Aiming: Iceblast
Press: ? - help, Q - select action, (/) - cycle Shift-Dir - straight line The mass of ice explodes!
The iceblast engulfs the efreet!!
The efreet is frozen!
You kill the efreet!
Cheibriados thoroughly appreciates the change of pace.
The centaur warrior shoots an arrow.
The arrow completely misses you.
The centaur warrior shoots an arrow.
The arrow hits you.
Your Invocations skill increases to level 7!
Unknown command.
Aiming: Iceblast
Press: ? - help, Q - select action, (/) - cycle Shift-Dir - straight line, f - centaur warrior
Aim: a centaur warrior, wielding a +0 shortbow The mass of ice explodes!
The iceblast engulfs the centaur warrior!
The centaur warrior is moderately wounded.
Aiming: Iceblast
Press: ? - help, Q - select action, (/) - cycle Shift-Dir - straight line, f/p - centaur warrior
Aim: a centaur warrior, wielding a +0 shortbow (moderately wounded)
The mass of ice explodes!
The iceblast engulfs the centaur warrior!!
The centaur warrior is severely wounded.
You carefully extract the barbed spikes from your body.
The centaur warrior shoots an arrow.
The arrow hits you!
* * * LOW HITPOINT WARNING * * *
The centaur warrior shoots an arrow.
The arrow hits you!
You die...

#...# #...# #...# #...#
##########...#######
..........[).......
..#####c.).)...... #.#
#÷§######### #@# #.[# ∆
####.#####†.#####
#.........§!....#
#.....c....§.....#
∆####....~...≈§§.§~....
#...)†.~≈.~.§§§§§.....
#...°~.≈~.~.Q§~~~..###
####..~≈≈≈~.~≈~~...#
#.☼~≈≈≈~.~≈≈....#


You could see a centaur warrior and a tengu conjurer.

Vanquished Creatures
  Pikel (D:5)
  A manticore (D:9)
  An efreet (D:9)
  A troll (D:9)
  Prince Ribbit (D:8)
  3 wyverns
  A vampire (D:9)
  Grum (D:8)
  8 yaks
  A steam dragon (D:8)
  An acid dragon (D:6)
  A water moccasin (shapeshifter) (D:9)
  2 black bears
  4 orc warriors
  3 sky beasts
  An ice beast (D:5)
  7 ogres
  6 wolves
  A centaur (D:8)
  A phantom (D:4)
  2 kobold brigands
  2 bullfrogs (D:8)
  2 gnoll sergeants (D:8)
  4 scorpions
  3 wights (D:7)
  8 killer bees (D:7)
  An electric eel (D:9)
  A howler monkey (D:5)
  3 jellies
  A gnoll bouda (D:8)
  11 hounds
  7 orc priests
  A sleepcap (D:5)
  3 iguanas
  7 orc wizards
  11 gnolls
  6 adders
  4 white imps
  3 ufetubi
  3 worms
  3 dart slugs
  31 orcs
  5 ball pythons
  7 bats
  7 endoplasms
  4 giant cockroaches
  6 goblins
  2 hobgoblins
  2 jackals (D:1)
  A quokka (D:1)
  5 frilled lizards
  16 kobolds
  A rat (D:1)
  A butterfly (D:6)
220 creatures vanquished.

Vanquished Creatures (collateral kills)
  2 foxfires (D:2)
2 creatures vanquished.

Vanquished Creatures (others)
  630 foxfires
  A plant (D:2)
631 creatures vanquished.

Grand Total: 853 creatures vanquished

Notes
Turn   | Place    | Note
-------+----------+-------------------------------------------
     0 | D:1      | retardedninja the Gnoll Fire Elementalist began the quest
                  | for the Orb.
     0 | D:1      | Reached XP level 1. HP: 13/13 MP: 6/6
   195 | D:1      | Reached XP level 2. HP: 19/19 MP: 3/7
   957 | D:1      | Reached skill level 5 in Spellcasting
   957 | D:1      | Reached XP level 3. HP: 25/25 MP: 2/9
   960 | D:1      | Learned a level 2 spell: Scorch
  1162 | D:2      | Reached skill level 1 in Invocations
  1951 | D:2      | Reached skill level 1 in Fighting
  1951 | D:2      | Reached skill level 1 in Short Blades
  1951 | D:2      | Reached skill level 1 in Long Blades
  1951 | D:2      | Reached skill level 1 in Axes
  1951 | D:2      | Reached skill level 1 in Maces & Flails
  1951 | D:2      | Reached skill level 1 in Polearms
  1951 | D:2      | Reached skill level 1 in Staves
  1951 | D:2      | Reached skill level 1 in Ranged Weapons
  1951 | D:2      | Reached skill level 1 in Throwing
  1951 | D:2      | Reached skill level 1 in Armour
  1951 | D:2      | Reached skill level 1 in Shields
  1951 | D:2      | Reached skill level 1 in Unarmed Combat
  1951 | D:2      | Reached skill level 1 in Evocations
  2139 | D:2      | Reached XP level 4. HP: 32/32 MP: 7/11
  2846 | D:3      | You fall into a shaft and drop 1 floor!
  2895 | D:4      | Noticed a phantom
  2903 | D:4      | Killed a phantom
  2904 | D:4      | Reached skill level 1 in Hexes
  2904 | D:4      | Reached skill level 1 in Summonings
  2904 | D:4      | Reached skill level 1 in Necromancy
  2904 | D:4      | Reached skill level 1 in Translocations
  2904 | D:4      | Reached skill level 1 in Transmutations
  2904 | D:4      | Reached skill level 1 in Ice Magic
  2904 | D:4      | Reached skill level 1 in Air Magic
  2904 | D:4      | Reached skill level 1 in Earth Magic
  2904 | D:4      | Reached skill level 1 in Poison Magic
  2904 | D:4      | Reached XP level 5. HP: 34/37 MP: 5/12
  3605 | D:4      | Reached XP level 6. HP: 41/44 MP: 8/14
  4143 | D:3      | Reached skill level 5 in Dodging
  5527 | D:5      | Entered Level 5 of the Dungeon
  5569 | D:5      | Noticed Pikel
  5583 | D:5      | Killed Pikel
  5584 | D:5      | Reached skill level 5 in Stealth
  5584 | D:5      | Reached XP level 7. HP: 11/52 MP: 1/15
  5584 | D:5      | Reached XP level 8. HP: 12/58 MP: 1/16
  5809 | D:5      | Found a glowing silver altar of Zin.
  6708 | D:5      | Reached skill level 5 in Short Blades
  6766 | D:5      | Found an opulent altar of Gozag.
  7142 | D:6      | Reached XP level 9. HP: 39/65 MP: 18/18
  7862 | D:6      | Found a staircase to the Ecumenical Temple.
  7932 | Temple   | Entered the Ecumenical Temple
  7945 | Temple   | Became a worshipper of Cheibriados the Contemplative
  8056 | D:6      | Found a runed translucent door.
  8057 | D:6      | Noticed Crazy Yiuf
  8117 | D:6      | Found an ornate altar of the Wu Jian Council.
  8174 | D:6      | Learned a level 4 spell: Flame Wave
  8178 | D:6      | Learned a level 3 spell: Inner Flame
  8679 | D:6      | Reached * piety under Cheibriados
  8684 | D:6      | Reached skill level 5 in Invocations
  9500 | D:7      | Reached skill level 5 in Fighting
  9500 | D:7      | Reached skill level 5 in Long Blades
  9500 | D:7      | Reached skill level 5 in Axes
  9500 | D:7      | Reached skill level 5 in Maces & Flails
  9500 | D:7      | Reached skill level 5 in Polearms
  9500 | D:7      | Reached skill level 5 in Staves
  9500 | D:7      | Reached skill level 5 in Ranged Weapons
  9500 | D:7      | Reached skill level 5 in Throwing
  9500 | D:7      | Reached skill level 5 in Armour
  9500 | D:7      | Reached skill level 5 in Shields
  9500 | D:7      | Reached skill level 5 in Unarmed Combat
  9500 | D:7      | Reached skill level 5 in Evocations
  9500 | D:7      | Reached XP level 10. HP: 56/74 MP: 19/20
  9695 | D:7      | Reached ** piety under Cheibriados
  9897 | D:7      | Found a shimmering altar of Xom.
  9905 | D:7      | Found a shimmering altar of Xom.
  9905 | D:7      | Found a shimmering altar of Xom.
  9906 | D:7      | Found a shimmering altar of Xom.
  9906 | D:7      | Found a shimmering altar of Xom.
  9906 | D:7      | Found a shimmering altar of Xom.
  9907 | D:7      | Found a shimmering altar of Xom.
  9907 | D:7      | Found a shimmering altar of Xom.
 10226 | D:7      | Found a shimmering blue altar of Sif Muna.
 10311 | D:8      | Found a sacrificial altar of Ru.
 10614 | D:8      | Noticed Grum
 10626 | D:8      | Killed Grum
 10627 | D:8      | Reached skill level 5 in Conjurations
 10979 | D:8      | Found Afetz's Assorted Antiques.
 11001 | D:8      | Reached *** piety under Cheibriados
 11499 | D:8      | Noticed Prince Ribbit
 11511 | D:8      | Killed Prince Ribbit
 11764 | D:8      | Found a hazy altar of Hepliaklqana.
 11814 | D:8      | Found a burning altar of Makhleb.
 12339 | D:9      | Reached skill level 5 in Hexes
 12339 | D:9      | Reached skill level 5 in Summonings
 12339 | D:9      | Reached skill level 5 in Necromancy
 12339 | D:9      | Reached skill level 5 in Translocations
 12339 | D:9      | Reached skill level 5 in Transmutations
 12339 | D:9      | Reached skill level 5 in Ice Magic
 12339 | D:9      | Reached skill level 5 in Air Magic
 12339 | D:9      | Reached skill level 5 in Earth Magic
 12339 | D:9      | Reached skill level 5 in Poison Magic
 12339 | D:9      | Reached XP level 11. HP: 46/81 MP: 16/22
 12358 | D:9      | Reached **** piety under Cheibriados
 12670 | D:9      | Noticed a centaur warrior
 12712 | D:9      | Noticed a manticore
 12721 | D:9      | Killed a manticore
 12726 | D:9      | Shot with an arrow by a centaur warrior

Illustrated notes

Levels and vault maps discovered:
D:1:      dpeg_arrival_stonehenge_8_columns, layout_rooms, minivault_11
D:2:      layout_basic, chequers_big_river
D:3:      layout_basic, guppyfry_early_lair_pool
D:4:      layout_basic
D:5:      layout_loops_ring, mainiacjoe_overflow_six_doors_small,
          marbit_many_paths, uniq_pikel
D:6:      minmay_chambers_of_fours, layout_rooms, nicolae_wu_jian_glorious_leap,
          minmay_temple_entry_butterflies, minivault_19, uniq_crazy_yiuf_cottage
D:7:      layout_basic, nicolae_sif_muna_condensation, xom_shifter_show,
          eino_jars
D:8:      layout_basic, lightli_temple_of_fire,
          nicolae_hepliaklqana_hazy_memory, mainiacjoe_overflow_24_doors,
          serial_shops, shop, kennysheep_generic_room_7, uniq_grum,
          uniq_prince_ribbit1
D:9:      minmay_tri_box, layout_long_grid, lemuel_doored_altar,
          erik_lair_island
Temple:   nicolae_temple_bog_church

Skill      XL: |  1  2  3  4  5  6  7  8  9 10 11 |
---------------+----------------------------------+-----
Conjurations   | 2 3 4 5 |  5.7
Spellcasting   | 5 6 7 8 |  8.2
Invocations    | 1 2 3 4 5 6 7 |  7.0
Fighting       | 1 3 5 6 |  6.3
Short Blades   | 1 3 5 6 8 |  8.9
Long Blades    | 1 3 5 6 |  6.3
Axes           | 1 3 5 6 |  6.3
Maces & Flails | 1 3 5 6 |  6.3
Polearms       | 1 3 5 6 |  6.3
Staves         | 1 3 5 6 |  6.3
Ranged Weapons | 1 3 5 6 |  6.3
Throwing       | 1 3 5 6 |  6.3
Armour         | 1 3 5 6 |  6.3
Shields        | 1 3 5 6 |  6.3
Unarmed Combat | 1 3 5 6 |  6.3
Evocations     | 1 3 5 6 |  6.3
Hexes          | 1 2 3 4 5 |  5.2
Summonings     | 1 2 3 4 5 |  5.2
Necromancy     | 1 2 3 4 5 |  5.2
Translocations | 1 2 3 4 5 |  5.2
Transmutations | 1 2 3 4 5 |  5.2
Ice Magic      | 1 2 3 4 5 |  5.2
Air Magic      | 1 2 3 4 5 |  5.2
Earth Magic    | 1 2 3 4 5 |  5.2
Poison Magic   | 1 2 3 4 5 |  5.2
Dodging        | 5 6 7 |  7.9
Stealth        | 5 6 7 |  7.7
Fire Magic     | 6 7 |  7.7

Action                     |  1- 3 |  4- 6 |  7- 9 | 10-12 || total
---------------------------+-------+-------+-------+-------++-------
  Melee: Unarmed           |     2 |       |       |       ||     2
         Short sword       |     4 |     2 |       |       ||     6
         Mace              |       |    10 |    31 |    24 ||    65
         Bite              |       |       |     5 |     2 ||     7
         Punch             |       |       |     2 |     3 ||     5
   Cast: Foxfire           |   105 |    92 |   127 |    81 ||   405
         Scorch            |     1 |    34 |    49 |    26 ||   110
         Flame Wave        |       |       |     8 |    21 ||    29
  Evoke: Wand              |       |     3 |     1 |    10 ||    14
    Use: Scroll            |       |    12 |     1 |     3 ||    16
         Potion            |       |     1 |     1 |       ||     2
   Stab: Paralysed         |       |     4 |       |       ||     4
 Armour: Robe              |    14 |     8 |    34 |    16 ||    72
  Dodge: Dodged            |    54 |    41 |   165 |   140 ||   400

Table legend: (Time is in decaauts)
 A = Elapsed time spent in this place.
 B = Non-inter-level travel time spent in this place.
 C = Inter-level travel time spent in this place.
 D = Time resting spent in this place.
 E = Time spent auto-exploring this place.
 F = Levels seen in this place.
 G = Mean time per level.
                   A        B        C        D        E       F      G
               +--------+--------+--------+--------+--------+-----+--------+
         Total |  13718 |  13221 |    497 |   3102 |   8212 |  10 | 1371.8 |
       Dungeon |  13693 |  13204 |    489 |   3102 |   8212 |   9 | 1521.4 |
        Temple |     25 |     17 |      8 |      0 |      0 |   1 |   25.0 |
               +--------+--------+--------+--------+--------+-----+--------+

Top non-repeatable levels by time:
     D:8: 2412 daAuts
     D:4: 1954 daAuts
     D:5: 1853 daAuts
     D:6: 1729 daAuts
     D:2: 1633 daAuts
     D:7: 1434 daAuts
     D:1: 1146 daAuts
     D:3: 966 daAuts
     D:9: 562 daAuts
  Temple: 25 daAuts
